Workbook
Name NCOMPOSICOES: 15
Name NCOTACOES: 15

Sheet BDI
E1: MIN | F1: MED | G1: MAX | J1: logo empresa | O1: ="Quadro de Composição do BDI" -> Quadro de Composição do BDI | R1: Grau de Sigilo
A2: Construção e Reforma de Edifícios | B2: AC | C2: =CONCATENATE(A2,"-",B2) -> Construção e Reforma de Edifícios-AC | E2: 0.03 | F2: 0.04 | G2: 0.055 | R2: #PUBLICO
A3: =A2 -> Construção e Reforma de Edifícios | B3: SG | C3: =CONCATENATE(A3,"-",B3) -> Construção e Reforma de Edifícios-SG | E3: 0.008 | F3: 0.008 | G3: 0.01
A4: =A3 -> Construção e Reforma de Edifícios | B4: R | C4: =CONCATENATE(A4,"-",B4) -> Construção e Reforma de Edifícios-R | E4: 0.0097 | F4: 0.0127 | G4: 0.0127 | J4: Nº OPERAÇÃO | L4: Nº SICONV | N4: PROPONENTE / TOMADOR
A5: =A4 -> Construção e Reforma de Edifícios | B5: DF | C5: =CONCATENATE(A5,"-",B5) -> Construção e Reforma de Edifícios-DF | E5: 0.0059 | F5: 0.0123 | G5: 0.0139 | J5: =Import.CR -> 1058459-76/2018 | L5: =Import.SICONV -> 873742 | N5: =Import.Proponente -> Município de Amparo
A6: =A5 -> Construção e Reforma de Edifícios | B6: L | C6: =CONCATENATE(A6,"-",B6) -> Construção e Reforma de Edifícios-L | E6: 0.0616 | F6: 0.074 | G6: 0.0896 | I6: FILTRO
A7: =A6 -> Construção e Reforma de Edifícios | B7: BDI PAD | C7: =CONCATENATE(A7,"-",B7) -> Construção e Reforma de Edifícios-BDI PAD | E7: 0.2034 | F7: 0.2212 | G7: 0.25 | J7: APELIDO DO EMPREENDIMENTO / DESCRIÇÃO DO LOTE
A8: Construção de Praças Urbanas, Rodovias, Ferrovias e recapeamento e pavimentação de vias urbanas | B8: AC | C8: =CONCATENATE(A8,"-",B8) -> Construção de Praças Urbanas, Rodovias, Ferrovias e recapeamento e pavimentação de vias urbanas-AC | E8: 0.038 | F8: 0.0401 | G8: 0.0467 | J8: =Import.Apelido&" / "&Import.DescLote -> CENTRO ESPORTIVO MOREIRINHA - FINALIZAÇÃO / CONTINUIDADE DO CENTRO ESPORTIVO JARDIM MOREIRINHA - 3ª ETAPA
A9: Construção de Praças Urbanas, Rodovias, Ferrovias e recapeamento e pavimentação de vias urbanas | B9: SG | C9: =CONCATENATE(A9,"-",B9) -> Construção de Praças Urbanas, Rodovias, Ferrovias e recapeamento e pavimentação de vias urbanas-SG | E9: 0.0032 | F9: 0.004 | G9: 0.0074
A10: Construção de Praças Urbanas, Rodovias, Ferrovias e recapeamento e pavimentação de vias urbanas | B10: R | C10: =CONCATENATE(A10,"-",B10) -> Construção de Praças Urbanas, Rodovias, Ferrovias e recapeamento e pavimentação de vias urbanas-R | E10: 0.005 | F10: 0.0056 | G10: 0.0097 | J10: Conforme legislação tributária municipal, definir estimativa de percentual da base de cálculo para o ISS: | R10: 0.05
A11: Construção de Praças Urbanas, Rodovias, Ferrovias e recapeamento e pavimentação de vias urbanas | B11: DF | C11: =CONCATENATE(A11,"-",B11) -> Construção de Praças Urbanas, Rodovias, Ferrovias e recapeamento e pavimentação de vias urbanas-DF | E11: 0.0102 | F11: 0.0111 | G11: 0.0121 | I11: ↓ | J11: Sobre a base de cálculo, definir a respectiva alíquota do ISS (entre 2% e 5%): | R11: 0.8
A12: Construção de Praças Urbanas, Rodovias, Ferrovias e recapeamento e pavimentação de vias urbanas | B12: L | C12: =CONCATENATE(A12,"-",B12) -> Construção de Praças Urbanas, Rodovias, Ferrovias e recapeamento e pavimentação de vias urbanas-L | E12: 0.0664 | F12: 0.073 | G12: 0.0869 | I12: F
A13: Construção de Praças Urbanas, Rodovias, Ferrovias e recapeamento e pavimentação de vias urbanas | B13: BDI PAD | C13: =CONCATENATE(A13,"-",B13) -> Construção de Praças Urbanas, Rodovias, Ferrovias e recapeamento e pavimentação de vias urbanas-BDI PAD | E13: 0.196 | F13: 0.2097 | G13: 0.2423 | I13: F
A14: Construção de Redes de Abastecimento de Água, Coleta de Esgoto | B14: AC | C14: =CONCATENATE(A14,"-",B14) -> Construção de Redes de Abastecimento de Água, Coleta de Esgoto-AC | E14: 0.0343 | F14: 0.0493 | G14: 0.0671 | I14: F | J14: BDI 1
A15: =A14 -> Construção de Redes de Abastecimento de Água, Coleta de Esgoto | B15: SG | C15: =CONCATENATE(A15,"-",B15) -> Construção de Redes de Abastecimento de Água, Coleta de Esgoto-SG | E15: 0.0028 | F15: 0.0049 | G15: 0.0075 | I15: F
A16: =A15 -> Construção de Redes de Abastecimento de Água, Coleta de Esgoto | B16: R | C16: =CONCATENATE(A16,"-",B16) -> Construção de Redes de Abastecimento de Água, Coleta de Esgoto-R | E16: 0.01 | F16: 0.0139 | G16: 0.0174 | I16: F | J16: TIPO DE OBRA
A17: =A16 -> Construção de Redes de Abastecimento de Água, Coleta de Esgoto | B17: DF | C17: =CONCATENATE(A17,"-",B17) -> Construção de Redes de Abastecimento de Água, Coleta de Esgoto-DF | E17: 0.0094 | F17: 0.0099 | G17: 0.0117 | I17: F | J17: Construção e Reforma de Edifícios
A18: =A17 -> Construção de Redes de Abastecimento de Água, Coleta de Esgoto | B18: L | C18: =CONCATENATE(A18,"-",B18) -> Construção de Redes de Abastecimento de Água, Coleta de Esgoto-L | E18: 0.0674 | F18: 0.0804 | G18: 0.094 | I18: F
A19: =A18 -> Construção de Redes de Abastecimento de Água, Coleta de Esgoto | B19: BDI PAD | C19: =CONCATENATE(A19,"-",B19) -> Construção de Redes de Abastecimento de Água, Coleta de Esgoto-BDI PAD | E19: 0.2076 | F19: 0.2418 | G19: 0.2644 | I19: F | J19: Itens | R19: Siglas | S19: % Adotado | U19: Situação | X19: 1º Quartil | Y19: Médio | Z19: 3º Quartil
A20: Construção e Manutenção de Estações e Redes de Distribuição de Energia Elétrica | B20: AC | C20: =CONCATENATE(A20,"-",B20) -> Construção e Manutenção de Estações e Redes de Distribuição de Energia Elétrica-AC | E20: 0.0529 | F20: 0.0592 | G20: 0.0793 | I20: F
A21: =A20 -> Construção e Manutenção de Estações e Redes de Distribuição de Energia Elétrica | B21: SG | C21: =CONCATENATE(A21,"-",B21) -> Construção e Manutenção de Estações e Redes de Distribuição de Energia Elétrica-SG | E21: 0.0025 | F21: 0.0051 | G21: 0.0056 | I21: F | J21: =IF($J$17=$A$145,"Encargos Sociais incidentes sobre a mão de obra","Administração Central") -> Administração Central | R21: =IF($J17=$A$145,"K1","AC") -> AC | S21: 0.03 | U21: - | X21: =VLOOKUP(CONCATENATE(J17,"-",R21),$C$2:$G$135,3,FALSE) -> 0.03 | Y21: =VLOOKUP(CONCATENATE(J17,"-",R21),$C$2:$G$135,4,FALSE) -> 0.04 | Z21: =VLOOKUP(CONCATENATE(J17,"-",R21),$C$2:$G$135,5,FALSE) -> 0.055
A22: =A21 -> Construção e Manutenção de Estações e Redes de Distribuição de Energia Elétrica | B22: R | C22: =CONCATENATE(A22,"-",B22) -> Construção e Manutenção de Estações e Redes de Distribuição de Energia Elétrica-R | E22: 0.01 | F22: 0.0148 | G22: 0.0197 | I22: F | J22: =IF($J$17=$A$145,"Administração Central da empresa ou consultoria - overhead","Seguro e Garantia") -> Seguro e Garantia | R22: =IF($J17=$A$145,"K2","SG") -> SG | S22: 0.008 | U22: - | X22: =VLOOKUP(CONCATENATE(J17,"-",R22),$C$2:$G$135,3,FALSE) -> 0.008 | Y22: =VLOOKUP(CONCATENATE(J17,"-",R22),$C$2:$G$135,4,FALSE) -> 0.008 | Z22: =VLOOKUP(CONCATENATE(J17,"-",R22),$C$2:$G$135,5,FALSE) -> 0.01
A23: =A22 -> Construção e Manutenção de Estações e Redes de Distribuição de Energia Elétrica | B23: DF | C23: =CONCATENATE(A23,"-",B23) -> Construção e Manutenção de Estações e Redes de Distribuição de Energia Elétrica-DF | E23: 0.0101 | F23: 0.0107 | G23: 0.0111 | I23: F | J23: =IF($J$17=$A$145,"","Risco") -> Risco | R23: =IF($J17=$A$145,"","R") -> R | S23: 0.0097 | U23: - | X23: =VLOOKUP(CONCATENATE(J17,"-",R23),$C$2:$G$135,3,FALSE) -> 0.0097 | Y23: =VLOOKUP(CONCATENATE(J17,"-",R23),$C$2:$G$135,4,FALSE) -> 0.0127 | Z23: =VLOOKUP(CONCATENATE(J17,"-",R23),$C$2:$G$135,5,FALSE) -> 0.0127
A24: =A23 -> Construção e Manutenção de Estações e Redes de Distribuição de Energia Elétrica | B24: L | C24: =CONCATENATE(A24,"-",B24) -> Construção e Manutenção de Estações e Redes de Distribuição de Energia Elétrica-L | E24: 0.08 | F24: 0.0831 | G24: 0.0951 | I24: F | J24: =IF($J$17=$A$145,"","Despesas Financeiras") -> Despesas Financeiras | R24: =IF($J17=$A$145,"","DF") -> DF | S24: 0.0059 | U24: - | X24: =VLOOKUP(CONCATENATE(J17,"-",R24),$C$2:$G$135,3,FALSE) -> 0.0059 | Y24: =VLOOKUP(CONCATENATE(J17,"-",R24),$C$2:$G$135,4,FALSE) -> 0.0123 | Z24: =VLOOKUP(CONCATENATE(J17,"-",R24),$C$2:$G$135,5,FALSE) -> 0.0139
A25: =A24 -> Construção e Manutenção de Estações e Redes de Distribuição de Energia Elétrica | B25: BDI PAD | C25: =CONCATENATE(A25,"-",B25) -> Construção e Manutenção de Estações e Redes de Distribuição de Energia Elétrica-BDI PAD | E25: 0.24 | F25: 0.2584 | G25: 0.2786 | I25: F | J25: =IF($J$17=$A$145,"Margem bruta da empresa de consultoria","Lucro") -> Lucro | R25: =IF($J17=$A$145,"K3","L") -> L | S25: 0.0616 | U25: - | X25: =VLOOKUP(CONCATENATE(J17,"-",R25),$C$2:$G$135,3,FALSE) -> 0.0616 | Y25: =VLOOKUP(CONCATENATE(J17,"-",R25),$C$2:$G$135,4,FALSE) -> 0.074 | Z25: =VLOOKUP(CONCATENATE(J17,"-",R25),$C$2:$G$135,5,FALSE) -> 0.0896
A26: Obras Portuárias, Marítimas e Fluviais | B26: AC | C26: =CONCATENATE(A26,"-",B26) -> Obras Portuárias, Marítimas e Fluviais-AC | E26: 0.04 | F26: 0.0552 | G26: 0.0785 | I26: F | J26: Tributos (impostos COFINS 3%, e PIS 0,65%) | R26: CP | S26: 0.0365 | U26: - | X26: 0.0365 | Y26: 0.0365 | Z26: 0.0365
A27: =A26 -> Obras Portuárias, Marítimas e Fluviais | B27: SG | C27: =CONCATENATE(A27,"-",B27) -> Obras Portuárias, Marítimas e Fluviais-SG | E27: 0.0081 | F27: 0.0122 | G27: 0.0199 | I27: F | J27: Tributos (ISS, variável de acordo com o município) | R27: ISS | S27: =IF(AND($J17<>$A$144,COUNTA(OFFSET(S20,1,0,6))>0),$R$11*$R$10,0) -> 0.04 | U27: - | X27: 0 | Y27: 0.025 | Z27: 0.05
A28: =A27 -> Obras Portuárias, Marítimas e Fluviais | B28: R | C28: =CONCATENATE(A28,"-",B28) -> Obras Portuárias, Marítimas e Fluviais-R | E28: 0.0146 | F28: 0.0232 | G28: 0.0316 | I28: F | J28: Tributos (Contribuição Previdenciária sobre a Receita Bruta - 0% ou 4,5% - Desoneração) | R28: CPRB | S28: =IF(BDI.Opcao<>"Desonerado",0,IF(AND($J17<>$A$144,COUNTA(OFFSET(S20,1,0,6))>0),4.5%,0%)) -> 0.045 | U28: - | X28: 0 | Y28: 0.045 | Z28: 0.045
A29: =A28 -> Obras Portuárias, Marítimas e Fluviais | B29: DF | C29: =CONCATENATE(A29,"-",B29) -> Obras Portuárias, Marítimas e Fluviais-DF | E29: 0.0094 | F29: 0.0102 | G29: 0.0133 | I29: F | J29: BDI SEM desoneração (Fórmula Acórdão TCU) | R29: BDI PAD | S29: =IF($J17=$A$144,0,ROUND((((1+S21+S22+S23)*(1+S24)*(1+S25)/(1-(S26+S27)))-1),4)) -> 0.2115 | U29: =IF(OR($J$17=$A$145,$J$17=$A$144,AND(S29>=X29,S29<=Z29)),"OK","FORA DO INTERVALO") -> OK | X29: =IF($J17=$A$144,0,VLOOKUP(CONCATENATE($J17,"-",$R29),$C$2:$G$135,3,FALSE)) -> 0.2034 | Y29: =IF($J17=$A$144,0,VLOOKUP(CONCATENATE($J17,"-",$R29),$C$2:$G$135,4,FALSE)) -> 0.2212 | Z29: =IF($J17=$A$144,0,VLOOKUP(CONCATENATE($J17,"-",$R29),$C$2:$G$135,5,FALSE)) -> 0.25
A30: =A29 -> Obras Portuárias, Marítimas e Fluviais | B30: L | C30: =CONCATENATE(A30,"-",B30) -> Obras Portuárias, Marítimas e Fluviais-L | E30: 0.0714 | F30: 0.084 | G30: 0.1043 | I30: F | J30: BDI COM desoneração | R30: BDI DES | S30: =IF($J17=$A$144,0,ROUND((((1+S21+S22+S23)*(1+S24)*(1+S25)/(1-(S26+S27+S28)))-1),4)) -> 0.2735
A31: =A30 -> Obras Portuárias, Marítimas e Fluviais | B31: BDI PAD | C31: =CONCATENATE(A31,"-",B31) -> Obras Portuárias, Marítimas e Fluviais-BDI PAD | E31: 0.228 | F31: 0.2748 | G31: 0.3095 | I31: F
A32: Fornecimento de Materiais e Equipamentos (aquisição indireta - em conjunto com licitação de obras) | B32: AC | C32: =CONCATENATE(A32,"-",B32) -> Fornecimento de Materiais e Equipamentos (aquisição indireta - em conjunto com licitação de obras)-AC | E32: 0.015 | F32: 0.0345 | G32: 0.0449 | I32: F | J32: =IF(U29<>"ok","X","") | K32: =IF(U29<>"ok","Anexo: Relatório Técnico Circunstanciado justificando a adoção do percentual de cada parcela do BDI.","")
A33: =A32 -> Fornecimento de Materiais e Equipamentos (aquisição indireta - em conjunto com licitação de obras) | B33: SG | C33: =CONCATENATE(A33,"-",B33) -> Fornecimento de Materiais e Equipamentos (aquisição indireta - em conjunto com licitação de obras)-SG | E33: 0.003 | F33: 0.0048 | G33: 0.0082 | I33: F
A34: =A33 -> Fornecimento de Materiais e Equipamentos (aquisição indireta - em conjunto com licitação de obras) | B34: R | C34: =CONCATENATE(A34,"-",B34) -> Fornecimento de Materiais e Equipamentos (aquisição indireta - em conjunto com licitação de obras)-R | E34: 0.0056 | F34: 0.0085 | G34: 0.0089 | I34: F | J34: Os valores de BDI foram calculados com o emprego da fórmula:
A35: =A34 -> Fornecimento de Materiais e Equipamentos (aquisição indireta - em conjunto com licitação de obras) | B35: DF | C35: =CONCATENATE(A35,"-",B35) -> Fornecimento de Materiais e Equipamentos (aquisição indireta - em conjunto com licitação de obras)-DF | E35: 0.0085 | F35: 0.0085 | G35: 0.0111 | I35: F | M35: BDI = | N35: =IF($J17=$A$145,"(1+K1+K2)*(1+K3)","(1+AC + S + R + G)*(1 + DF)*(1+L)") -> (1+AC + S + R + G)*(1 + DF)*(1+L) | Q35: - 1
A36: =A35 -> Fornecimento de Materiais e Equipamentos (aquisição indireta - em conjunto com licitação de obras) | B36: L | C36: =CONCATENATE(A36,"-",B36) -> Fornecimento de Materiais e Equipamentos (aquisição indireta - em conjunto com licitação de obras)-L | E36: 0.035 | F36: 0.0511 | G36: 0.0622 | I36: F | N36: (1-CP-ISS-CRPB)
A37: =A36 -> Fornecimento de Materiais e Equipamentos (aquisição indireta - em conjunto com licitação de obras) | B37: BDI PAD | C37: =CONCATENATE(A37,"-",B37) -> Fornecimento de Materiais e Equipamentos (aquisição indireta - em conjunto com licitação de obras)-BDI PAD | E37: 0.111 | F37: 0.1402 | G37: 0.168 | I37: F
A38: Fornecimento de Materiais e Equipamentos (aquisição direta) | B38: AC | C38: =CONCATENATE(A38,"-",B38) -> Fornecimento de Materiais e Equipamentos (aquisição direta)-AC | E38: - | F38: - | G38: - | I38: F | J38: =CONCATENATE("Declaro para os devidos fins que, conforme legislação tributária municipal, a base de cálculo deste tipo de obra corresponde à ",$R$10*100,"%, com a respectiva alíquota de ",$R$11*100,"%.") -> Declaro para os devidos fins que, conforme legislação tributária municipal, a base de cálculo deste tipo de obra corresponde à 5%, com a respectiva alíquota de 80%.
A39: Fornecimento de Materiais e Equipamentos (aquisição direta) | B39: SG | C39: =CONCATENATE(A39,"-",B39) -> Fornecimento de Materiais e Equipamentos (aquisição direta)-SG | E39: - | F39: - | G39: - | I39: F
A40: Fornecimento de Materiais e Equipamentos (aquisição direta) | B40: R | C40: =CONCATENATE(A40,"-",B40) -> Fornecimento de Materiais e Equipamentos (aquisição direta)-R | E40: - | F40: - | G40: - | I40: F | J40: =CONCATENATE("Declaro para os devidos fins que o regime de Contribuição Previdenciária sobre a Receita Bruta adotado para elaboração do orçamento foi ",IF(DESONERACAO="Sim","COM","SEM")," Desoneração, e que esta é a alternativa mais adequada para a Administração Pública.") -> #VALUE!
A41: Fornecimento de Materiais e Equipamentos (aquisição direta) | B41: DF | C41: =CONCATENATE(A41,"-",B41) -> Fornecimento de Materiais e Equipamentos (aquisição direta)-DF | E41: - | F41: - | G41: - | I41: F
A42: Fornecimento de Materiais e Equipamentos (aquisição direta) | B42: L | C42: =CONCATENATE(A42,"-",B42) -> Fornecimento de Materiais e Equipamentos (aquisição direta)-L | E42: - | F42: - | G42: - | I42: F | J42: Observações:
A43: Fornecimento de Materiais e Equipamentos (aquisição direta) | B43: BDI PAD | C43: =CONCATENATE(A43,"-",B43) -> Fornecimento de Materiais e Equipamentos (aquisição direta)-BDI PAD | E43: - | F43: - | G43: - | I43: F
A44: Estudos e Projetos, Planos e Gerenciamento e outros correlatos | B44: K1 | C44: =CONCATENATE(A44,"-",B44) -> Estudos e Projetos, Planos e Gerenciamento e outros correlatos-K1 | E44: - | F44: - | G44: - | I44: F
A45: =A44 -> Estudos e Projetos, Planos e Gerenciamento e outros correlatos | B45: K2 | C45: =CONCATENATE(A45,"-",B45) -> Estudos e Projetos, Planos e Gerenciamento e outros correlatos-K2 | E45: - | F45: 0.2 | G45: - | I45: F
A46: =A45 -> Estudos e Projetos, Planos e Gerenciamento e outros correlatos | C46: =CONCATENATE(A46,"-",B46) -> Estudos e Projetos, Planos e Gerenciamento e outros correlatos- | E46: - | F46: - | G46: - | I46: F | J46: Local | P46: Data
A47: =A46 -> Estudos e Projetos, Planos e Gerenciamento e outros correlatos | C47: =CONCATENATE(A47,"-",B47) -> Estudos e Projetos, Planos e Gerenciamento e outros correlatos- | E47: - | F47: - | G47: - | I47: F
A48: =A47 -> Estudos e Projetos, Planos e Gerenciamento e outros correlatos | B48: K3 | C48: =CONCATENATE(A48,"-",B48) -> Estudos e Projetos, Planos e Gerenciamento e outros correlatos-K3 | E48: - | F48: 0.12 | G48: - | I48: F
A49: =A48 -> Estudos e Projetos, Planos e Gerenciamento e outros correlatos | B49: BDI PAD | C49: =CONCATENATE(A49,"-",B49) -> Estudos e Projetos, Planos e Gerenciamento e outros correlatos-BDI PAD | E49: - | F49: - | G49: - | I49: F | J49: Responsável Técnico
I50: F | J50: Nome: | K50: {=Import.RespOrçamento} -> Calos Eduardo Mazzetto
I51: F | J51: CREA/CAU: | K51: 5060363666
I52: F | J52: ART/RRT: | K52: 28027230191560992
I53: F
J56: Nome
J57: CREA

Sheet orçamento
A1: logo da empresa | D1: ORÇAMENTO
A7: OBRA: | B7: CONTINUIDADE DO CENTRO ESPORTIVO JARDIM MOREIRINHA - 3ª ETAPA | H7: fonte | I7: 44470
A8: LOCAL: | B8: RUA MARIA JOSÉ MOREIRA FRANCO -JARDIM MOREIRINHA | H8: bdi
A10: Item | B10: Codigo | C10: Fonte | D10: Macrosserviço / Serviço | E10: Qtd. | F10: Und. | G10: Custo Referência | H10: Preço Unitário + BDI | I10: Preço Total
A12: 1 | D12: SERVIÇOS INICIAIS | I12: =SUBTOTAL(9,I13:I14) -> 0
A13: 1.1 | B13: 4813 | C13: SINAPI-I | D13: PLACA DE OBRA (PARA CONSTRUCAO CIVIL) EM CHAPA GALVANIZADA *N. 22*, ADESIVADA, DE *2,0 X 1,125* M (SEM POSTES PARA FIXACAO) | E13: 6 | F13: M2 | H13: =(G13*$I$8)+G13 -> 0 | I13: =E13*H13 -> 0
A14: 1.2 | B14: 10776 | C14: SINAPI-I | D14: LOCACAO DE CONTAINER 2,30 X 6,00 M, ALT. 2,50 M, PARA ESCRITORIO, SEM DIVISORIAS INTERNAS E SEM SANITARIO | E14: 12 | F14: MES | H14: =(G14*$I$8)+G14 -> 0 | I14: =E14*H14 -> 0
A15: 2 | D15: QUIOSQUE | E15: 0 | I15: =SUBTOTAL(9,I17:I132) -> 0
D16: Locação | E16: 0 | I16: =SUBTOTAL(9,I17) -> 0
A17: 2.1 | B17: 99059 | C17: SINAPI | D17: LOCACAO CONVENCIONAL DE OBRA, UTILIZANDO GABARITO DE TÁBUAS CORRIDAS PONTALETADAS A CADA 2,00M - 2 UTILIZAÇÕES. AF_10/2018 | E17: 31.67 | F17: M | H17: =(G17*$I$8)+G17 -> 0 | I17: =E17*H17 -> 0
D18: Fundação | E18: 0 | I18: =SUBTOTAL(9,I19:I26) -> 0
A19: 2.2 | B19: 96624 | C19: SINAPI | D19: LASTRO COM MATERIAL GRANULAR (PEDRA BRITADA N.2), APLICADO EM PISOS OU LAJES SOBRE SOLO, ESPESSURA DE *10 CM*. AF_08/2017 | E19: 0.42 | F19: M3 | H19: =(G19*$I$8)+G19 -> 0 | I19: =E19*H19 -> 0
A20: 2.3 | B20: 101174 | C20: SINAPI | D20: ESTACA BROCA DE CONCRETO, DIÂMETRO DE 25CM, ESCAVAÇÃO MANUAL COM TRADO CONCHA, COM ARMADURA DE ARRANQUE. AF_05/2020 | E20: 66 | F20: M | H20: =(G20*$I$8)+G20 -> 0 | I20: =E20*H20 -> 0
A21: 2.4 | B21: 97082 | C21: SINAPI | D21: ESCAVAÇÃO MANUAL DE VIGA DE BORDA PARA RADIER. AF_09/2021 | E21: 2.53 | F21: M3 | H21: =(G21*$I$8)+G21 -> 0 | I21: =E21*H21 -> 0
A22: 2.5 | B22: 96995 | C22: SINAPI | D22: REATERRO MANUAL APILOADO COM SOQUETE. AF_10/2017 | E22: 0.84 | F22: M3 | H22: =(G22*$I$8)+G22 -> 0 | I22: =E22*H22 -> 0
A23: 2.6 | B23: 92270 | C23: SINAPI | D23: FABRICAÇÃO DE FÔRMA PARA VIGAS, COM MADEIRA SERRADA, E = 25 MM. AF_09/2020 | E23: 16.84 | F23: M2 | H23: =(G23*$I$8)+G23 -> 0 | I23: =E23*H23 -> 0
A24: 2.7 | B24: 100345 | C24: SINAPI | D24: ARMAÇÃO DE CORTINA DE CONTENÇÃO EM CONCRETO ARMADO, COM AÇO CA-50 DE 12,5 MM - MONTAGEM. AF_07/2019 | E24: 134.69 | F24: KG | H24: =(G24*$I$8)+G24 -> 0 | I24: =E24*H24 -> 0
A25: 2.8 | B25: 1525 | C25: SINAPI | D25: CONCRETO USINADO BOMBEAVEL, CLASSE DE RESISTENCIA C30, COM BRITA 0 E 1, SLUMP = 100 +/- 20 MM, INCLUI SERVICO DE BOMBEAMENTO (NBR 8953) | E25: 1.68 | F25: M3 | H25: =(G25*$I$8)+G25 -> 0 | I25: =E25*H25 -> 0
A26: 2.9 | B26: 92874 | C26: SINAPI | D26: LANÇAMENTO COM USO DE BOMBA, ADENSAMENTO E ACABAMENTO DE CONCRETO EM ESTRUTURAS. AF_12/2015 | E26: 1.68 | F26: M3 | H26: =(G26*$I$8)+G26 -> 0 | I26: =E26*H26 -> 0
D27: Estrutura | E27: 0 | I27: =SUBTOTAL(9,I28:I32) -> 0
A28: 2.10 | B28: 96531 | C28: SINAPI | D28: FABRICAÇÃO, MONTAGEM E DESMONTAGEM DE FÔRMA PARA BLOCO DE COROAMENTO, EM MADEIRA SERRADA, E=25 MM, 2 UTILIZAÇÕES. AF_06/2017 | E28: 16.47 | F28: M2 | H28: =(G28*$I$8)+G28 -> 0 | I28: =E28*H28 -> 0
A29: 2.11 | B29: 100345 | C29: SINAPI | D29: ARMAÇÃO DE CORTINA DE CONTENÇÃO EM CONCRETO ARMADO, COM AÇO CA-50 DE 12,5 MM - MONTAGEM. AF_07/2019 | E29: 184.4 | F29: KG | H29: =(G29*$I$8)+G29 -> 0 | I29: =E29*H29 -> 0
A30: 2.12 | B30: 1525 | C30: SINAPI | D30: CONCRETO USINADO BOMBEAVEL, CLASSE DE RESISTENCIA C30, COM BRITA 0 E 1, SLUMP = 100 +/- 20 MM, INCLUI SERVICO DE BOMBEAMENTO (NBR 8953) | E30: 2.31 | F30: M3 | H30: =(G30*$I$8)+G30 -> 0 | I30: =E30*H30 -> 0
A31: 2.13 | B31: 92874 | C31: SINAPI | D31: LANÇAMENTO COM USO DE BOMBA, ADENSAMENTO E ACABAMENTO DE CONCRETO EM ESTRUTURAS. AF_12/2015 | E31: 2.31 | F31: M3 | H31: =(G31*$I$8)+G31 -> 0 | I31: =E31*H31 -> 0
A32: 2.14 | B32: 101963 | C32: SINAPI | D32: LAJE PRÉ-MOLDADA UNIDIRECIONAL, BIAPOIADA, PARA PISO, ENCHIMENTO EM CERÂMICA, VIGOTA CONVENCIONAL, ALTURA TOTAL DA LAJE (ENCHIMENTO+CAPA) = (8+4). AF_11/2020 | E32: 31.67 | F32: M2 | H32: =(G32*$I$8)+G32 -> 0 | I32: =E32*H32 -> 0
D33: Impermeabilização | E33: 0 | I33: =SUBTOTAL(9,I34:I35) -> 0
A34: 2.15 | B34: 98561 | C34: SINAPI | D34: IMPERMEABILIZAÇÃO DE PAREDES COM ARGAMASSA DE CIMENTO E AREIA, COM ADITIVO IMPERMEABILIZANTE, E = 2CM. AF_06/2018 | E34: 5.61 | F34: M2 | H34: =(G34*$I$8)+G34 -> 0 | I34: =E34*H34 -> 0
A35: 2.16 | B35: 98555 | C35: SINAPI | D35: IMPERMEABILIZAÇÃO DE SUPERFÍCIE COM ARGAMASSA POLIMÉRICA / MEMBRANA ACRÍLICA, 3 DEMÃOS. AF_06/2018 | E35: 5.61 | F35: M2 | H35: =(G35*$I$8)+G35 -> 0 | I35: =E35*H35 -> 0
D36: Vedação | E36: 0 | I36: =SUBTOTAL(9,I37:I40) -> 0
A37: 2.17 | B37: 101165 | C37: SINAPI | D37: ALVENARIA DE EMBASAMENTO COM BLOCO ESTRUTURAL DE CONCRETO, DE 14X19X29CM E ARGAMASSA DE ASSENTAMENTO COM PREPARO EM BETONEIRA. AF_05/2020 | E37: 1.12 | F37: M3 | H37: =(G37*$I$8)+G37 -> 0 | I37: =E37*H37 -> 0
A38: 2.18 | B38: 101159 | C38: SINAPI | D38: ALVENARIA DE VEDAÇÃO DE BLOCOS CERÂMICOS MACIÇOS DE 5X10X20CM (ESPESSURA 10CM) E ARGAMASSA DE ASSENTAMENTO COM PREPARO EM BETONEIRA. AF_05/2020 | E38: 104.28 | F38: M2 | H38: =(G38*$I$8)+G38 -> 0 | I38: =E38*H38 -> 0
A39: 2.19 | B39: 93186 | C39: SINAPI | D39: VERGA MOLDADA IN LOCO EM CONCRETO PARA JANELAS COM ATÉ 1,5 M DE VÃO. AF_03/2016 | E39: 8.49 | F39: M | H39: =(G39*$I$8)+G39 -> 0 | I39: =E39*H39 -> 0
A40: 2.20 | B40: 93188 | C40: SINAPI | D40: VERGA MOLDADA IN LOCO EM CONCRETO PARA PORTAS COM ATÉ 1,5 M DE VÃO. AF_03/2016 | E40: 8.58 | F40: M | H40: =(G40*$I$8)+G40 -> 0 | I40: =E40*H40 -> 0
D41: Cobertura | E41: 0 | I41: =SUBTOTAL(9,I42:I49) -> 0
A42: 2.21 | B42: 92543 | C42: SINAPI | D42: TRAMA DE MADEIRA COMPOSTA POR TERÇAS PARA TELHADOS DE ATÉ 2 ÁGUAS PARA TELHA ONDULADA DE FIBROCIMENTO, METÁLICA, PLÁSTICA OU TERMOACÚSTICA, INCLUSO TRANSPORTE VERTICAL. AF_07/2019 | E42: 31.67 | F42: M2 | H42: =(G42*$I$8)+G42 -> 0 | I42: =E42*H42 -> 0
A43: 2.22 | B43: 7243 | C43: SINAPI | D43: TELHA TRAPEZOIDAL EM ACO ZINCADO, SEM PINTURA, ALTURA DE APROXIMADAMENTE 40 MM, ESPESSURA DE 0,50 MM E LARGURA UTIL DE 980 MM | E43: 46.17 | F43: M2 | H43: =(G43*$I$8)+G43 -> 0 | I43: =E43*H43 -> 0
A44: 2.23 | B44: 94231 | C44: SINAPI | D44: RUFO EM CHAPA DE AÇO GALVANIZADO NÚMERO 24, CORTE DE 25 CM, INCLUSO TRANSPORTE VERTICAL. AF_07/2019 | E44: 42.24 | F44: M | H44: =(G44*$I$8)+G44 -> 0 | I44: =E44*H44 -> 0
A45: 2.24 | B45: 94228 | C45: SINAPI | D45: CALHA EM CHAPA DE AÇO GALVANIZADO NÚMERO 24, DESENVOLVIMENTO DE 50 CM, INCLUSO TRANSPORTE VERTICAL. AF_07/2019 | E45: 18.9 | F45: M | H45: =(G45*$I$8)+G45 -> 0 | I45: =E45*H45 -> 0
A46: 2.25 | B46: 100773 | C46: SINAPI | D46: ESTRUTURA TRELIÇADA DE COBERTURA, TIPO ARCO, COM LIGAÇÕES SOLDADAS, INCLUSOS PERFIS METÁLICOS, CHAPAS METÁLICAS, MÃO DE OBRA E TRANSPORTE COM GUINDASTE - FORNECIMENTO E INSTALAÇÃO. AF_01/2020_P | E46: 217.5 | F46: KG | H46: =(G46*$I$8)+G46 -> 0 | I46: =E46*H46 -> 0
A47: 2.26 | B47: 89576 | C47: SINAPI | D47: TUBO PVC, SÉRIE R, ÁGUA PLUVIAL, DN 75 MM, FORNECIDO E INSTALADO EM CONDUTORES VERTICAIS DE ÁGUAS PLUVIAIS. AF_12/2014 | E47: 11.3 | F47: M | H47: =(G47*$I$8)+G47 -> 0 | I47: =E47*H47 -> 0
A48: 2.27 | B48: 89522 | C48: SINAPI | D48: JOELHO 90 GRAUS, PVC, SERIE R, ÁGUA PLUVIAL, DN 75 MM, JUNTA ELÁSTICA, FORNECIDO E INSTALADO EM RAMAL DE ENCAMINHAMENTO. AF_12/2014 | E48: 2 | F48: UN | H48: =(G48*$I$8)+G48 -> 0 | I48: =E48*H48 -> 0
A49: 2.28 | B49: 89566 | C49: SINAPI | D49: TÊ, PVC, SERIE R, ÁGUA PLUVIAL, DN 75 MM, JUNTA ELÁSTICA, FORNECIDO E INSTALADO EM RAMAL DE ENCAMINHAMENTO. AF_12/2014 | E49: 8 | F49: UN | H49: =(G49*$I$8)+G49 -> 0 | I49: =E49*H49 -> 0
D50: Revestimento Interno | E50: 0 | I50: =SUBTOTAL(9,I51:I53) -> 0
A51: 2.29 | B51: 87775 | C51: SINAPI | D51: EMBOÇO OU MASSA ÚNICA EM ARGAMASSA TRAÇO 1:2:8, PREPARO MECÂNICO COM BETONEIRA 400 L, APLICADA MANUALMENTE EM PANOS DE FACHADA COM PRESENÇA DE VÃOS, ESPESSURA DE 25 MM. AF_06/2014 | E51: 90.26 | F51: M2 | H51: =(G51*$I$8)+G51 -> 0 | I51: =E51*H51 -> 0
A52: 2.30 | B52: 87265 | C52: SINAPI | D52: REVESTIMENTO CERÂMICO PARA PAREDES INTERNAS COM PLACAS TIPO ESMALTADA EXTRA DE DIMENSÕES 20X20 CM APLICADAS EM AMBIENTES DE ÁREA MAIOR QUE 5 M² NA ALTURA INTEIRA DAS PAREDES. AF_06/2014 | E52: 90.26 | F52: M2 | H52: =(G52*$I$8)+G52 -> 0 | I52: =E52*H52 -> 0
A53: 2.31 | B53: 10698 | C53: SINAPI | D53: DIVISORIA, PLACA PRE-MOLDADA EM GRANILITE, MARMORITE OU GRANITINA, E = *3 CM | E53: 1.44 | F53: M2 | H53: =(G53*$I$8)+G53 -> 0 | I53: =E53*H53 -> 0
D54: Revestimento Lajes e Forros | E54: 0 | I54: =SUBTOTAL(9,I55:I56) -> 0
A55: 2.32 | B55: 87881 | C55: SINAPI | D55: CHAPISCO APLICADO NO TETO, COM ROLO PARA TEXTURA ACRÍLICA. ARGAMASSA TRAÇO 1:4 E EMULSÃO POLIMÉRICA (ADESIVO) COM PREPARO MANUAL. AF_06/2014 | E55: 26.21 | F55: M2 | H55: =(G55*$I$8)+G55 -> 0 | I55: =E55*H55 -> 0
A56: 2.33 | B56: 87775 | C56: SINAPI | D56: EMBOÇO OU MASSA ÚNICA EM ARGAMASSA TRAÇO 1:2:8, PREPARO MECÂNICO COM BETONEIRA 400 L, APLICADA MANUALMENTE EM PANOS DE FACHADA COM PRESENÇA DE VÃOS, ESPESSURA DE 25 MM. AF_06/2014 | E56: 26.21 | F56: M2 | H56: =(G56*$I$8)+G56 -> 0 | I56: =E56*H56 -> 0
D57: Revestimento Externo (faixas) | E57: 0 | I57: =SUBTOTAL(9,I58:I59) -> 0
A58: 2.34 | B58: 87881 | C58: SINAPI | D58: CHAPISCO APLICADO NO TETO, COM ROLO PARA TEXTURA ACRÍLICA. ARGAMASSA TRAÇO 1:4 E EMULSÃO POLIMÉRICA (ADESIVO) COM PREPARO MANUAL. AF_06/2014 | E58: 10 | F58: M2 | H58: =(G58*$I$8)+G58 -> 0 | I58: =E58*H58 -> 0
A59: 2.35 | B59: 87775 | C59: SINAPI | D59: EMBOÇO OU MASSA ÚNICA EM ARGAMASSA TRAÇO 1:2:8, PREPARO MECÂNICO COM BETONEIRA 400 L, APLICADA MANUALMENTE EM PANOS DE FACHADA COM PRESENÇA DE VÃOS, ESPESSURA DE 25 MM. AF_06/2014 | E59: 10 | F59: M2 | H59: =(G59*$I$8)+G59 -> 0 | I59: =E59*H59 -> 0
D60: Pisos e Contra Pisos | E60: 0 | I60: =SUBTOTAL(9,I61:I66) -> 0
A61: 2.36 | B61: 96624 | C61: SINAPI | D61: LASTRO COM MATERIAL GRANULAR (PEDRA BRITADA N.2), APLICADO EM PISOS OU LAJES SOBRE SOLO, ESPESSURA DE *10 CM*. AF_08/2017 | E61: 3.3 | F61: M3 | H61: =(G61*$I$8)+G61 -> 0 | I61: =E61*H61 -> 0
A62: 2.37 | B62: 97087 | C62: SINAPI | D62: CAMADA SEPARADORA PARA EXECUÇÃO DE RADIER, PISO DE CONCRETO OU LAJE SOBRE SOLO, EM LONA PLÁSTICA. AF_09/2021 | E62: 55.05 | F62: M2 | H62: =(G62*$I$8)+G62 -> 0 | I62: =E62*H62 -> 0
A63: 2.38 | B63: 87624 | C63: SINAPI | D63: CONTRAPISO EM ARGAMASSA PRONTA, PREPARO MECÂNICO COM MISTURADOR 300 KG, APLICADO EM ÁREAS SECAS SOBRE LAJE, ADERIDO, ACABAMENTO NÃO REFORÇADO, ESPESSURA 2CM. AF_07/2021 | E63: 23.94 | F63: M2 | H63: =(G63*$I$8)+G63 -> 0 | I63: =E63*H63 -> 0
A64: 2.39 | B64: 87248 | C64: SINAPI | D64: REVESTIMENTO CERÂMICO PARA PISO COM PLACAS TIPO ESMALTADA EXTRA DE DIMENSÕES 35X35 CM APLICADA EM AMBIENTES DE ÁREA MAIOR QUE 10 M2. AF_06/2014 | E64: 23.94 | F64: M2 | H64: =(G64*$I$8)+G64 -> 0 | I64: =E64*H64 -> 0
A65: 2.40 | B65: 98695 | C65: SINAPI | D65: SOLEIRA EM MÁRMORE, LARGURA 15 CM, ESPESSURA 2,0 CM. AF_09/2020 | E65: 0.8 | F65: M | H65: =(G65*$I$8)+G65 -> 0 | I65: =E65*H65 -> 0
A66: 2.41 | B66: 98679 | C66: SINAPI | D66: PISO CIMENTADO, TRAÇO 1:3 (CIMENTO E AREIA), ACABAMENTO LISO, ESPESSURA 2,0 CM, PREPARO MECÂNICO DA ARGAMASSA. AF_09/2020 | E66: 28.83 | F66: M2 | H66: =(G66*$I$8)+G66 -> 0 | I66: =E66*H66 -> 0
D67: Revestimento Externo (faixas) | E67: 0 | I67: =SUBTOTAL(9,I68:I73) -> 0
A68: 2.42 | B68: 4911 | C68: SINAPI | D68: PORTA DE ENROLAR MANUAL COMPLETA, ARTICULADA RAIADA LARGA, EM ACO GALVANIZADO NATURAL, CHAPA NUMERO 24 (SEM INSTALACAO) | E68: 8.64 | F68: M2 | H68: =(G68*$I$8)+G68 -> 0 | I68: =E68*H68 -> 0
A69: 2.43 | B69: 42255 | C69: SINAPI | D69: PORTA CHAPA DE AÇO N.16 - REF. SIURB 30560 AF_07/2019 | E69: 1.68 | F69: M2 | H69: =(G69*$I$8)+G69 -> 0 | I69: =E69*H69 -> 0
A70: 2.44 | B70: 94559 | C70: SINAPI | D70: JANELA DE AÇO TIPO BASCULANTE PARA VIDROS, COM BATENTE, FERRAGENS E PINTURA ANTICORROSIVA. EXCLUSIVE VIDROS, ACABAMENTO, ALIZAR E CONTRAMARCO. FORNECIMENTO E INSTALAÇÃO. AF_12/2019 | E70: 1.2 | F70: M2 | H70: =(G70*$I$8)+G70 -> 0 | I70: =E70*H70 -> 0
A71: 2.45 | B71: 99861 | C71: SINAPI | D71: GRADIL EM FERRO FIXADO EM VÃOS DE JANELAS, FORMADO POR BARRAS CHATAS DE 25X4,8 MM. AF_04/2019 | E71: 1.2 | F71: M2 | H71: =(G71*$I$8)+G71 -> 0 | I71: =E71*H71 -> 0
A72: 2.46 | B72: 91338 | C72: SINAPI | D72: PORTA DE ALUMÍNIO DE ABRIR COM LAMBRI, COM GUARNIÇÃO, FIXAÇÃO COM PARAFUSOS - FORNECIMENTO E INSTALAÇÃO. AF_12/2019 | E72: 1.47 | F72: M2 | H72: =(G72*$I$8)+G72 -> 0 | I72: =E72*H72 -> 0
A73: 2.47 | B73: 4922 | C73: SINAPI | D73: PORTA DE CORRER EM ALUMINIO, DUAS FOLHAS MOVEIS COM VIDRO, FECHADURA E PUXADOR EMBUTIDO, ACABAMENTO ANODIZADO NATURAL, SEM GUARNICAO/ALIZAR/VISTA | E73: 1.89 | F73: M2 | H73: =(G73*$I$8)+G73 -> 0 | I73: =E73*H73 -> 0
D74: Bancadas | E74: 0 | I74: =SUBTOTAL(9,I75) -> 0
A75: 2.48 | B75: 11795 | C75: SINAPI | D75: GRANITO PARA BANCADA, POLIDO, TIPO ANDORINHA/ QUARTZ/ CASTELO/ CORUMBA OU OUTROS EQUIVALENTES DA REGIAO, E= *2,5* CM | E75: 8.63 | F75: M2 | H75: =(G75*$I$8)+G75 -> 0 | I75: =E75*H75 -> 0
D76: Instalções Hidraulicas | E76: 0 | I76: =SUBTOTAL(9,I77:I98) -> 0
A77: 2.49 | B77: 1747 | C77: SINAPI | D77: CUBA ACO INOX (AISI 304) DE EMBUTIR COM VALVULA DE 3 1/2 ", DE *56 X 33 X 12* CM | E77: 2 | F77: UN | H77: =(G77*$I$8)+G77 -> 0 | I77: =E77*H77 -> 0
A78: 2.50 | B78: 86931 | C78: SINAPI | D78: VASO SANITÁRIO SIFONADO COM CAIXA ACOPLADA LOUÇA BRANCA, INCLUSO ENGATE FLEXÍVEL EM PLÁSTICO BRANCO, 1/2 X 40CM - FORNECIMENTO E INSTALAÇÃO. AF_01/2020 | E78: 1 | F78: UN | H78: =(G78*$I$8)+G78 -> 0 | I78: =E78*H78 -> 0
A79: 2.51 | B79: 86874 | C79: SINAPI | D79: TANQUE DE LOUÇA BRANCA SUSPENSO, 18L OU EQUIVALENTE - FORNECIMENTO E INSTALAÇÃO. AF_01/2020 | E79: 1 | F79: UN | H79: =(G79*$I$8)+G79 -> 0 | I79: =E79*H79 -> 0
A80: 2.52 | B80: 86914 | C80: SINAPI | D80: TORNEIRA CROMADA 1/2 OU 3/4 PARA TANQUE, PADRÃO MÉDIO - FORNECIMENTO E INSTALAÇÃO. AF_01/2020 | E80: 1 | F80: UN | H80: =(G80*$I$8)+G80 -> 0 | I80: =E80*H80 -> 0
A81: 2.53 | B81: 86910 | C81: SINAPI | D81: TORNEIRA CROMADA TUBO MÓVEL, DE PAREDE, 1/2 OU 3/4, PARA PIA DE COZINHA, PADRÃO MÉDIO - FORNECIMENTO E INSTALAÇÃO. AF_01/2020 | E81: 2 | F81: UN | H81: =(G81*$I$8)+G81 -> 0 | I81: =E81*H81 -> 0
A82: 2.54 | B82: 86903 | C82: SINAPI | D82: LAVATÓRIO LOUÇA BRANCA COM COLUNA, 45 X 55CM OU EQUIVALENTE, PADRÃO MÉDIO - FORNECIMENTO E INSTALAÇÃO. AF_01/2020 | E82: 1 | F82: UN | H82: =(G82*$I$8)+G82 -> 0 | I82: =E82*H82 -> 0
A83: 2.55 | B83: 86906 | C83: SINAPI | D83: TORNEIRA CROMADA DE MESA, 1/2 OU 3/4, PARA LAVATÓRIO, PADRÃO POPULAR - FORNECIMENTO E INSTALAÇÃO. AF_01/2020 | E83: 1 | F83: UN | H83: =(G83*$I$8)+G83 -> 0 | I83: =E83*H83 -> 0
A84: 2.56 | B84: 89402 | C84: SINAPI | D84: TUBO, PVC, SOLDÁVEL, DN 25MM, INSTALADO EM RAMAL DE DISTRIBUIÇÃO DE ÁGUA - FORNECIMENTO E INSTALAÇÃO. AF_12/2014 | E84: 24 | F84: M | H84: =(G84*$I$8)+G84 -> 0 | I84: =E84*H84 -> 0
A85: 2.57 | B85: 89985 | C85: SINAPI | D85: REGISTRO DE PRESSÃO BRUTO, LATÃO, ROSCÁVEL, 3/4", COM ACABAMENTO E CANOPLA CROMADOS - FORNECIMENTO E INSTALAÇÃO. AF_08/2021 | E85: 3 | F85: UN | H85: =(G85*$I$8)+G85 -> 0 | I85: =E85*H85 -> 0
A86: 2.58 | B86: 90373 | C86: SINAPI | D86: JOELHO 90 GRAUS COM BUCHA DE LATÃO, PVC, SOLDÁVEL, DN 25MM, X 1/2 INSTALADO EM RAMAL OU SUB-RAMAL DE ÁGUA - FORNECIMENTO E INSTALAÇÃO. AF_12/2014 | E86: 5 | F86: UN | H86: =(G86*$I$8)+G86 -> 0 | I86: =E86*H86 -> 0
A87: 2.59 | B87: 89395 | C87: SINAPI | D87: TE, PVC, SOLDÁVEL, DN 25MM, INSTALADO EM RAMAL OU SUB-RAMAL DE ÁGUA - FORNECIMENTO E INSTALAÇÃO. AF_12/2014 | E87: 3 | F87: UN | H87: =(G87*$I$8)+G87 -> 0 | I87: =E87*H87 -> 0
A88: 2.60 | B88: 89408 | C88: SINAPI | D88: JOELHO 90 GRAUS, PVC, SOLDÁVEL, DN 25MM, INSTALADO EM RAMAL DE DISTRIBUIÇÃO DE ÁGUA - FORNECIMENTO E INSTALAÇÃO. AF_12/2014 | E88: 5 | F88: UN | H88: =(G88*$I$8)+G88 -> 0 | I88: =E88*H88 -> 0
A89: 2.61 | B89: 94796 | C89: SINAPI | D89: TORNEIRA DE BOIA PARA CAIXA D'ÁGUA, ROSCÁVEL, 3/4" - FORNECIMENTO E INSTALAÇÃO. AF_08/2021 | E89: 1 | F89: UN | H89: =(G89*$I$8)+G89 -> 0 | I89: =E89*H89 -> 0
... A98: 2.70 | B98: 89744 | C98: SINAPI | D98: JOELHO 90 GRAUS, PVC, SERIE NORMAL, ESGOTO PREDIAL, DN 100 MM, JUNTA ELÁSTICA, FORNECIDO E INSTALADO EM RAMAL DE DESCARGA OU RAMAL DE ESGOTO SANITÁRIO. AF_12/2014 | E98: 5 | F98: UN | H98: =(G98*$I$8)+G98 -> 0 | I98: =E98*H98 -> 0
D99: Instalções Elétricas | E99: 0 | I99: =SUBTOTAL(9,I100:I118) -> 0
A100: 2.71 | B100: 12373 | C100: SINAPI | D100: POSTE DE CONCRETO DUPLO T, 400 KG,H = 12 M (NBR 8451) | E100: 1 | F100: UN | H100: =(G100*$I$8)+G100 -> 0 | I100: =E100*H100 -> 0
A101: 2.72 | B101: 101505 | C101: SINAPI | D101: ENTRADA DE ENERGIA ELÉTRICA, AÉREA, TRIFÁSICA, COM CAIXA DE SOBREPOR, CABO DE 10 MM2 E DISJUNTOR DIN 50A (NÃO INCLUSO O POSTE DE CONCRETO). AF_07/2020_P | E101: 1 | F101: UN | H101: =(G101*$I$8)+G101 -> 0 | I101: =E101*H101 -> 0
A102: 2.73 | B102: 34641 | C102: SINAPI | D102: CAIXA DE ATERRAMENTO EM CONCRETO PRÃ-MOLDADO, DIAMETRO DE 0,30 M E ALTURA DE 0,35 M, SEM FUNDO E COM TAMPA | E102: 2 | F102: UN | H102: =(G102*$I$8)+G102 -> 0 | I102: =E102*H102 -> 0
A103: 2.74 | B103: 96986 | C103: SINAPI | D103: HASTE DE ATERRAMENTO 3/4 PARA SPDA - FORNECIMENTO E INSTALAÇÃO. AF_12/2017 | E103: 2 | F103: UN | H103: =(G103*$I$8)+G103 -> 0 | I103: =E103*H103 -> 0
A104: 2.75 | B104: 101880 | C104: SINAPI | D104: QUADRO DE DISTRIBUIÇÃO DE ENERGIA EM CHAPA DE AÇO GALVANIZADO, DE EMBUTIR, COM BARRAMENTO TRIFÁSICO, PARA 30 DISJUNTORES DIN 150A - FORNECIMENTO E INSTALAÇÃO. AF_10/2020 | E104: 1 | F104: UN | H104: =(G104*$I$8)+G104 -> 0 | I104: =E104*H104 -> 0
A105: 2.76 | B105: 37.24.031 | C105: Outros | D105: Supressor de surto monofásico, Fase-Terra, In 4 a 11 kA, Imax. de surto de 12 até 15 kA | E105: 3 | F105: UN | H105: =(G105*$I$8)+G105 -> 0 | I105: =E105*H105 -> 0
A106: 2.77 | B106: 93666 | C106: SINAPI | D106: DISJUNTOR BIPOLAR TIPO DIN, CORRENTE NOMINAL DE 50A - FORNECIMENTO E INSTALAÇÃO. AF_10/2020 | E106: 2 | F106: UN | H106: =(G106*$I$8)+G106 -> 0 | I106: =E106*H106 -> 0
A107: 2.78 | B107: 93661 | C107: SINAPI | D107: DISJUNTOR BIPOLAR TIPO DIN, CORRENTE NOMINAL DE 16A - FORNECIMENTO E INSTALAÇÃO. AF_10/2020 | E107: 1 | F107: UN | H107: =(G107*$I$8)+G107 -> 0 | I107: =E107*H107 -> 0
A108: 2.79 | B108: 93654 | C108: SINAPI | D108: DISJUNTOR MONOPOLAR TIPO DIN, CORRENTE NOMINAL DE 16A - FORNECIMENTO E INSTALAÇÃO. AF_10/2020 | E108: 4 | F108: UN | H108: =(G108*$I$8)+G108 -> 0 | I108: =E108*H108 -> 0
A109: 2.80 | B109: 93653 | C109: SINAPI | D109: DISJUNTOR MONOPOLAR TIPO DIN, CORRENTE NOMINAL DE 10A - FORNECIMENTO E INSTALAÇÃO. AF_10/2020 | E109: 1 | F109: UN | H109: =(G109*$I$8)+G109 -> 0 | I109: =E109*H109 -> 0
A110: 2.81 | B110: 91855 | C110: SINAPI | D110: ELETRODUTO FLEXÍVEL CORRUGADO REFORÇADO, PVC, DN 25 MM (3/4"), PARA CIRCUITOS TERMINAIS, INSTALADO EM PAREDE - FORNECIMENTO E INSTALAÇÃO. AF_12/2015 | E110: 84 | F110: M | H110: =(G110*$I$8)+G110 -> 0 | I110: =E110*H110 -> 0
A111: 2.82 | B111: 91926 | C111: SINAPI | D111: CABO DE COBRE FLEXÍVEL ISOLADO, 2,5 MM², ANTI-CHAMA 450/750 V, PARA CIRCUITOS TERMINAIS - FORNECIMENTO E INSTALAÇÃO. AF_12/2015 | E111: 195 | F111: M | H111: =(G111*$I$8)+G111 -> 0 | I111: =E111*H111 -> 0
A112: 2.83 | B112: 91935 | C112: SINAPI | D112: CABO DE COBRE FLEXÍVEL ISOLADO, 16 MM², ANTI-CHAMA 0,6/1,0 KV, PARA CIRCUITOS TERMINAIS - FORNECIMENTO E INSTALAÇÃO. AF_12/2015 | E112: 75 | F112: M | H112: =(G112*$I$8)+G112 -> 0 | I112: =E112*H112 -> 0
... A118: 2.89 | B118: 91925 | C118: SINAPI | D118: CABO DE COBRE FLEXÍVEL ISOLADO, 1,5 MM², ANTI-CHAMA 0,6/1,0 KV, PARA CIRCUITOS TERMINAIS - FORNECIMENTO E INSTALAÇÃO. AF_12/2015 | E118: 100 | F118: M | H118: =(G118*$I$8)+G118 -> 0 | I118: =E118*H118 -> 0
D119: SPDA | E119: 0 | I119: =SUBTOTAL(9,I120:I124) -> 0
A120: 2100 | B120: 42.01.086 | C120: CDHU183 | D120: Captor tipo terminal aéreo, h= 300 mm em alumínio | E120: 5 | F120: UN | H120: =(G120*$I$8)+G120 -> 0 | I120: =E120*H120 -> 0
...

Sheet cronograma
F2: cronograma
C4: logo da empresa
B8: OBRA: | C8: CONTINUIDADE DO CENTRO ESPORTIVO JARDIM MOREIRINHA - 3ª ETAPA | I8: DATA BASE SINAPI | K8: =#REF! -> #REF!
B9: LOCAL: | C9: RUA MARIA JOSÉ MOREIRA FRANCO -JARDIM MOREIRINHA
B11: ITEM | C11: DESCRIÇÃO | G11: VALOR | H11: PORC. | I11: MÊS 1 | K11: MÊS 2 | M11: MÊS 3 | O11: MÊS 4 | Q11: MÊS 5 | S11: MÊS 6
I12: VALOR | J12: PORC. | K12: VALOR | L12: PORC. | M12: VALOR | N12: PORC. | O12: VALOR | P12: PORC. | Q12: VALOR | R12: PORC. | S12: VALOR | T12: PORC.
B14: =orçamento!A12 -> 1 | C14: =orçamento!D12 -> SERVIÇOS INICIAIS | H14: =G14/$G$32 -> #DIV/0! | I14: =J14*$G$14 -> 0 | K14: =L14*$G$14 -> 0 | M14: =N14*$G$14 -> 0 | O14: =P14*$G$14 -> 0 | Q14: =R14*$G$14 -> 0 | S14: =T14*$G$14 -> 0 | V14: =S14+Q14+O14+M14+K14+I14 -> 0
B17: =orçamento!A15 -> 2 | C17: =orçamento!D15 -> QUIOSQUE | H17: =G17/$G$32 -> #DIV/0! | I17: =J17*$G$17 -> 0 | K17: =L17*$G$17 -> 0 | M17: =N17*$G$17 -> 0 | O17: =P17*$G$17 -> 0 | Q17: =R17*$G$17 -> 0 | S17: =T17*$G$17 -> 0 | V17: =S17+Q17+O17+M17+K17+I17 -> 0
B20: =orçamento!A133 -> 3 | C20: =orçamento!D133 -> PISTA DE CAMINHADA | H20: =G20/$G$32 -> #DIV/0! | I20: =J20*$G$20 -> 0 | K20: =L20*$G$20 -> 0 | M20: =N20*$G$20 -> 0 | O20: =P20*$G$20 -> 0 | Q20: =R20*$G$20 -> 0 | S20: =T20*$G$20 -> 0 | V20: =S20+Q20+O20+M20+K20+I20 -> 0
B23: =orçamento!A144 -> 4 | C23: =orçamento!D144 -> DRENAGEM | H23: =G23/$G$32 -> #DIV/0! | K23: =L23*$G$23 -> 0 | V23: =S23+Q23+O23+M23+K23+I23 -> 0
B26: =orçamento!A152 -> 5 | C26: =orçamento!D152 -> PAISAGISMO | H26: =G26/$G$32 -> #DIV/0! | M26: =N26*$G$26 -> 0 | O26: =P26*$G$26 -> 0 | Q26: =R26*$G$26 -> 0 | S26: =T26*$G$26 -> 0 | V26: =S26+Q26+O26+M26+K26+I26 -> 0
B29: =orçamento!A157 -> 6 | C29: =orçamento!D157 -> ELEVAÇÃO DO MURO DE ARRIMO | H29: =G29/$G$32 -> #DIV/0! | I29: =J29*$G$29 -> 0 | V29: =S29+Q29+O29+M29+K29+I29 -> 0
G32: =SUM(G14:G31) -> 0 | H32: =G32/$G$32 -> #DIV/0! | I32: =SUM(I13:I31) -> 0 | J32: =I32/G32 -> #DIV/0! | K32: =SUM(K13:K31) -> 0 | L32: =K32/G32 -> #DIV/0! | M32: =SUM(M13:M31) -> 0 | N32: =M32/G32 -> #DIV/0! | O32: =SUM(O13:O31) -> 0 | P32: =O32/G32 -> #DIV/0! | Q32: =SUM(Q13:Q31) -> 0 | R32: =Q32/G32 -> #DIV/0! | S32: =SUM(S13:S31) -> 0 | T32: =S32/G32 -> #DIV/0! | V32: =SUM(V14:V31) -> 0
I33: =SUM(I13:I31) -> 0 | J33: =I33/G32 -> #DIV/0! | K33: =I33+K32 -> 0 | L33: =K33/G32 -> #DIV/0! | M33: =K33+M32 -> 0 | N33: =M33/G32 -> #DIV/0! | O33: =M33+O32 -> 0 | P33: =O33/G32 -> #DIV/0! | Q33: =O33+Q32 -> 0 | R33: =Q33/G32 -> #DIV/0! | S33: =Q33+S32 -> 0 | T33: =S33/G32 -> #DIV/0!
